 Dungeon Crawl Stone Soup version 0.19.5 (webtiles) character file.

650 Gargoyl the Chopper (level 7, 0/60 HPs)
             Began as a Ghoul Abyssal Knight on Mar 6, 2017.
             Was a Believer of Lugonu.
             Slain by Joseph
             ... wielding a +0 quarterstaff
              (8 damage)
             ... on level 7 of the Dungeon.
             The game lasted 00:10:49 (3879 turns).

Gargoyl the Chopper (Ghoul Abyssal Knight)          Turns: 3879, Time: 00:10:49

Health: 0/60       AC: 18    Str: 16    XL:     7   Next: 53%
Magic:  2/9        EV:  4    Int:  7    God:    Lugonu [**....]
Gold:   226        SH:  3    Dex: 10    Spells: 0 memorised, 6 levels left

rFire  . . .     SeeInvis .     e - +0 war axe
rCold  + . .     Gourm    .     i - +0 plate armour
rNeg   + + +     Faith    .     a - +0 buckler
rPois  ∞         Spirit   .     o - +2 hat
rElec  .         Reflect  .     g - +0 cloak
rCorr  .         Harm     .     (no gloves)
MR     .....                    j - +2 pair of boots
Stlth  ..........               (no amulet)
                                (no ring)
                                (no ring)

@: flying, very slightly contaminated, rotting
A: rotting body, claws 1, carnivore 3, cold resistance 1, negative energy
resistance 3, slow regeneration 1, torment resistance, unbreathing
a: Depart the Abyss, Bend Space, Renounce Religion


You were on level 7 of the Dungeon.
You worshipped Lugonu.
Lugonu was pleased with you.
You were not hungry.

You visited 1 branch of the dungeon, and saw 7 of its levels.
You visited the Abyss 1 time.

You collected 226 gold pieces.

Inventory:

Hand Weapons
 e - a +0 war axe (weapon)
 p - a +0 war axe
Armour
 a - a +0 buckler (worn)
 g - a +0 cloak (worn)
 i - a +0 plate armour (worn)
 j - a +2 pair of boots (worn)
 o - a +2 hat (worn)
Scrolls
 h - a scroll of remove curse
Potions
 b - a potion of haste
 f - a potion of lignification
Comestibles
 c - 2 meat rations
 s - a slice of pizza


   Skills:
 + Level 4.6 Fighting
 + Level 4.8 Axes
 * Level 4.0 Armour
 + Level 0.8 Dodging
 + Level 1.0 Shields
 * Level 4.0 Invocations


You had 6 spell levels left.
You didn't know any spells.

Dungeon Overview and Level Annotations

Branches:
Dungeon (7/15)             Temple (0/1) D:4

Altars:
Ashenzari
Okawaru
Yredelemnul

Annotations:
D:6 Eustachio
D:7 Joseph


Innate Abilities, Weirdness & Mutations

Your body is rotting away.
You thrive on raw meat.
You are immune to poison.
You have sharp fingernails.
You are carnivorous and can eat meat at any time.
Your flesh is cold resistant. (rC+)
You are immune to negative energy. (rN+++)
You regenerate slowly when monsters are visible.
You are immune to unholy pain and torment.
You can survive without breathing.


Message History

Aim: Joseph, wielding a quarterstaff, wearing a ring mail and carrying a wand of disintegration {zapped: 3} (translocational energy, chance to defeat MR: 69%) Joseph struggles to resist.
You feel somewhat more hungry.
You can no longer banish your foes.
Joseph hits you but does no damage.
You hit Joseph.
Joseph is lightly wounded.
Joseph zaps a wand.
You struggle to resist.
You closely miss Joseph.
Joseph is lightly wounded.
Joseph hits you but does no damage.
You hit Joseph but do no damage.
Joseph is lightly wounded.
Joseph zaps a wand.
You are blasted!
* * * LOW HITPOINT WARNING * * *
The crimson imp blinks!
Joseph sighs, "Being a guard is usually so boring..."
Joseph hits you but does no damage.
You feel better.
Joseph hits you with an uncursed quarterstaff!
You die...

........<...# ..
.........(..###.#
.............#..
............a#.#
.............#.#
............#§#
...........##.#
..........##.@#
############@##
###


You could see Joseph.

Vanquished Creatures
  A phantom (D:3)
  2 ogres (D:4)
  A bullfrog (D:7)
  A bullfrog skeleton (D:4)
  Crazy Yiuf (D:2)
  A centaur skeleton (D:4)
  A worker ant (D:7)
  5 adders
  2 worms
  5 dart slugs
  4 leopard geckos
  6 orcs
  6 giant cockroaches
  9 goblins
  13 hobgoblins
  6 jackals
  5 kobolds
  3 quokkas (D:3)
  A ball python (D:3)
  9 bats
  9 frilled lizards
  A jackal skeleton (D:4)
  13 rats
  2 fungi (D:2)
107 creatures vanquished.

Vanquished Creatures (others)
  An ogre (D:7)
1 creature vanquished.

Grand Total: 108 creatures vanquished

Notes
Turn   | Place    | Note
-------+----------+-------------------------------------------
     0 | Abyss:1  | Gargoyl the Ghoul Abyssal Knight began the quest for the Orb.
     0 | Abyss:1  | Reached XP level 1. HP: 19/19 MP: 1/1
    77 | Abyss:2  | Noticed a small abomination
    87 | D:1      | Escaped the Abyss
   365 | D:1      | Reached XP level 2. HP: 20/26 MP: 2/2
   462 | D:1      | Reached * piety under Lugonu
   605 | D:1      | Reached XP level 3. HP: 31/31 MP: 4/4
  1223 | D:2      | Reached XP level 4. HP: 20/38 MP: 5/5
  1417 | D:2      | Reached ** piety under Lugonu
  1927 | D:2      | Found a runed door.
  1931 | D:2      | Noticed Crazy Yiuf
  1937 | D:2      | HP: 1/40 [Crazy Yiuf/quarterstaff of chaos (2)]
  1938 | D:2      | Killed Crazy Yiuf
  1938 | D:2      | Reached XP level 5. HP: 1/46 MP: 4/6
  2532 | D:3      | Found a shattered altar of Ashenzari.
  3443 | D:3      | Found an iron altar of Okawaru.
  3470 | D:4      | Noticed a phantom
  3485 | D:4      | Noticed an ogre
  3500 | D:4      | Noticed an ogre
  3501 | D:4      | Killed an ogre
  3501 | D:4      | Reached XP level 6. HP: 44/52 MP: 7/7
  3542 | D:3      | Killed a phantom
  3636 | D:4      | Reached XP level 7. HP: 9/60 MP: 8/8
  3678 | D:4      | Found a basalt altar of Yredelemnul.
  3750 | D:4      | Reached *** piety under Lugonu
  3758 | D:4      | Found a staircase to the Ecumenical Temple.
  3791 | D:5      | Entered Level 5 of the Dungeon
  3811 | D:5      | You fall through a shaft for 2 floors!
  3811 | D:7      | Noticed Joseph
  3818 | D:6      | Noticed Eustachio
  3869 | D:7      | Reached skill level 1 in Shields
  3878 | D:7      | HP: 2/60 [disintegration (8)]
  3879 | D:7      | Slain by Joseph

Skill      XL: |  1  2  3  4  5  6  7 |
---------------+----------------------+-----
Armour         | 2 3 4 |  4.0
Axes           | 2 3 4 |  4.8
Invocations    | 3 4 |  4.0
Fighting       | 4 |  4.6
Shields        | 1 |  1.0
Dodging        | |  0.8

Action                   |  1- 3 |  4- 6 |  7- 9 || total
-------------------------+-------+-------+-------++-------
Melee: War axe           |   124 |   312 |    55 ||   491
Invok: Depart the Abyss  |     1 |       |       ||     1
       Banish            |       |       |     2 ||     2
  Use: Scroll            |     1 |     4 |     2 ||     7
       Potion            |       |     2 |     6 ||     8
  Eat: Chunk             |    15 |    28 |     9 ||    52
Armor: Leather armour    |     4 |       |       ||     4
       Plate armour      |   145 |   370 |    82 ||   597
Dodge: Dodged            |    65 |   102 |    14 ||   181
Block: Buckler           |       |    20 |    18 ||    38
